 Dungeon Crawl Stone Soup version 0.20-b1-18-gaa2fd62 (webtiles) character file.

772 cereshysteria the Skirmisher (level 7, -9/50 HPs)
             Began as a Demonspawn Chaos Knight on May 24, 2017.
             Mangled by a soul eater (13 damage)
             ... summoned by Xom
             ... on level 6 of the Dungeon.
             The game lasted 00:39:50 (7387 turns).

cereshysteria the Skirmisher (DsCK)                 Turns: 7387, Time: 00:39:52

Health: -9/50      AC:  7    Str: 19    XL:     7   Next: 53%
Magic:  8/8        EV:  8    Int: 13    God:    Xom [......]
Gold:   1625       SH: 11    Dex: 15    Spells: 6/6 levels left

rFire    + . .     SeeInvis .   B - +1 hand axe (chop)
rCold    . . .     Gourm    .   A - +2 shield
rNeg     + . .     Faith    +   w - +3 ring mail {rN+}
rPois    .         Spirit   .   (helmet restricted)
rElec    .         Reflect  .   (no cloak)
rCorr    +         Harm     .   e - +0 pair of gloves
MR       ++...                  (no boots)
Stlth    +.........             m - amulet of Xom's Righteous Anger {Faith Str+5}
Regen    0.2/turn               g - ring of protection from fire
MPRegen  0.2/turn               h - ring of resist corrosion

@: drained
A: antennae 1, thin skeletal structure 1, blink, deformed body, frail 1, foul
stench 1, magic resistance 2, rot immunity
a: Blink, Renounce Religion


You were on level 6 of the Dungeon.
You worshipped Xom.
You were a very special plaything of Xom.
You were full.

You visited 1 branch of the dungeon, and saw 6 of its levels.

You collected 1625 gold pieces.

Inventory:

Hand Weapons
 v - a +2 dire flail of draining
 B - a +1 hand axe of chopping (weapon)
Armour
 e - a +0 pair of gloves (worn)
 l - a cursed -1 leather armour
 w - a +3 ring mail of positive energy (worn)
 A - a +2 shield (worn)
Jewellery
 g - a ring of protection from fire (left hand)
 h - a ring of resist corrosion (right hand)
 m - the amulet of Xom's Righteous Anger (around neck) {Faith Str+5}
   (Xom gifted it to you on level 3 of the Dungeon)

   [amulet of faith]

   It allows you to gain divine favour quickly.
   It affects your strength (+5).
 r - an uncursed ring of protection from magic {unknown}
 t - an uncursed ring of positive energy {unknown}
 E - an uncursed amulet of faith {unknown}
Wands
 n - a wand of confusion (46/48)
 y - a wand of polymorph (6/24)
Scrolls
 i - a scroll of remove curse
 q - a scroll of recharging
Potions
 j - 3 potions of mutation {unknown}
 s - a potion of agility {unknown}
 F - a potion of heal wounds {unknown}
 G - 2 potions of flight {unknown}
Comestibles
 c - 3 bread rations
 f - a royal jelly
 p - a meat ration
 D - 3 fruits


   Skills:
 * Level 5.6(5.4) Fighting
 * Level 5.0(4.8) Axes
 + Level 3.2(3.0) Armour
 - Level 1.6(1.4) Dodging
 - Level 0.2(0.0) Stealth
 + Level 2.4(2.2) Shields
 + Level 1.8(1.6) Evocations


You had 6 spell levels left.
You didn't know any spells.

Dungeon Overview and Level Annotations

Branches:
Dungeon (6/15)             Temple (0/1) D:5

Altars:
Dithmenos
Xom


Innate Abilities, Weirdness & Mutations

You have a pair of small antennae on your head.
You have a somewhat thin skeletal structure. (Dex +2, Stealth)
You may emit foul miasma when damaged in melee.
You are immune to rotting.
You can translocate small distances at will.
Armour fits poorly on your strangely shaped body.
You are frail. (-10% HP)
You are highly resistant to hostile enchantments. (MR++)


Message History

Press: ? - help, Shift-Dir - straight line, f - soul eater
Aim: a soul eater (summoned, chance to defeat MR: 0%)
The soul eater resists with almost no effort.
Evoking this partially-identified wand wasted a few charges.
You hear Xom's maniacal laughter.
You have a brief vision of globes of primordial fire.
The soul eater barely misses you. You block the sky beast's attack.
Unknown command.
There are monsters nearby!
Aiming: Polymorph (will waste charges)
Press: ? - help, Shift-Dir - straight line, f/p - soul eater
Aim: a soul eater (summoned, chance to defeat MR: 0%)
The soul eater resists with almost no effort.
Evoking this partially-identified wand wasted a few charges. "Let me alter your body."
Your body is suffused with distortional energy.
Your body twists and deforms.
You feel jittery.
You feel frail. The soul eater hits you!
You die...
Xom titters!

### #.# #..#...#
.. #.# #..###[# #.
##.## #..# #.#
#.#.##...# #..#
#(# #..[....# #..#
#.# #.###...<#
#).# #.#
##.########..###.#
#.3.............#
#@###############
#Y## ..# #.# ...
###


You could see a soul eater and a sky beast.

Vanquished Creatures
  Edmund (D:4)
  Duvessa (D:5)
  An orc warrior (D:6)
  2 bullfrog skeletons (D:4)
  2 jellies
  3 orc wizards
  2 orc priests
  An iguana (D:5)
  2 worker ants (D:5)
  A gnoll (shapeshifter) (D:5)
  2 gnolls (D:5)
  7 adders
  3 oozes
  A worm (shapeshifter) (D:5)
  3 dart slugs
  4 leopard geckos
  12 orcs
  2 ball pythons
  10 bats
  6 giant cockroaches
  8 hobgoblins
  A jackal (D:1)
  2 quokkas (D:4)
  A ball python skeleton (D:4)
  5 frilled lizards
  9 goblins
  2 jackal skeletons
  7 kobolds
  5 rats
106 creatures vanquished.

Vanquished Creatures (collateral kills)
  A goblin (D:1)
1 creature vanquished.

Vanquished Creatures (others)
  A worker ant (D:4)
1 creature vanquished.

Grand Total: 108 creatures vanquished

Notes
Turn   | Place    | Note
-------+----------+-------------------------------------------
     0 | D:1      | cereshysteria the Demonspawn Chaos Knight began the quest for the Orb.
     0 | D:1      | Reached XP level 1. HP: 18/18 MP: 1/1
   196 | D:1      | XOM: noise
   269 | D:1      | XOM: divination: detect creatures
   272 | D:1      | Gained mutation: You are immune to rotting. [demonic ancestry]
   272 | D:1      | Reached XP level 2. HP: 10/24 MP: 2/2
   496 | D:1      | XOM: harmless Air miscast
   554 | D:1      | Reached skill level 1 in Dodging
   557 | D:1      | XOM: smoke on damage
   654 | D:1      | Reached XP level 3. HP: 27/29 MP: 3/3
  1218 | D:2      | XOM: give mutation
  1218 | D:2      | Gained mutation: You are robust. (+10% HP) [Xom's grace]
  1251 | D:2      | XOM: god gift: 28 gold pieces
  1459 | D:2      | XOM: 2-stop teleportation journey
  1863 | D:2      | XOM: god gift: 50 gold pieces
  1887 | D:3      | Reached XP level 4. HP: 10/40 MP: 4/4
  1892 | D:2      | HP: 2/40 [orc wizard/dagger (1)]
  2007 | D:2      | XOM: 4-stop teleportation journey
  2379 | D:3      | Gained mutation: You may emit foul miasma when damaged in melee. [demonic ancestry]
  2379 | D:3      | Reached XP level 5. HP: 35/46 MP: 5/5
  2472 | D:3      | XOM: god gift: bound sapphire amulet {god gift}
  2473 | D:3      | Got a bound sapphire amulet {god gift}
  2474 | D:3      | Identified the amulet of Xom's Righteous Anger {Faith Str+5} (Xom gifted it to you on level 3 of the Dungeon)
  2960 | D:2      | XOM: give mutations
  2960 | D:2      | Gained mutation: You have a pair of small antennae on your head. [Xom's grace]
  2960 | D:2      | Gained mutation: You are resistant to hostile enchantments. (MR+) [Xom's grace]
  2960 | D:2      | Gained mutation: You are highly resistant to hostile enchantments. (MR++) [Xom's grace]
  3539 | D:3      | XOM: cloud trail
  3719 | D:3      | XOM: summons 4 hostile shadow creatures
  3932 | D:4      | XOM: harmless Pois miscast
  3934 | D:4      | XOM: 1-stop teleportation journey
  3937 | D:4      | Noticed Edmund
  3940 | D:4      | XOM: 5-stop teleportation journey
  3951 | D:4      | Found a shadowy altar of Dithmenos.
  3995 | D:4      | Reached skill level 1 in Shields
  4062 | D:4      | Gained mutation: You have a somewhat thin skeletal structure. (Dex +2, Stealth) [demonic ancestry]
  4062 | D:4      | Reached XP level 6. HP: 53/53 MP: 6/6
  4064 | D:4      | XOM: mild Hex miscast
  4140 | D:4      | XOM: divine lightning
  4142 | D:4      | Killed Edmund
  4308 | D:4      | XOM: harmless Summ miscast
  4386 | D:4      | XOM: mild Summ miscast
  4406 | D:4      | Reached skill level 1 in Evocations
  4775 | D:4      | XOM: scenery: create altars
  5149 | D:5      | Entered Level 5 of the Dungeon
  5247 | D:5      | Reached skill level 5 in Fighting
  5248 | D:5      | XOM: cast spell 'Summon Small Mammal'
  5266 | D:5      | XOM: mild Conj miscast
  5638 | D:5      | XOM: scenery: create altars
  5778 | D:5      | Found a staircase to the Ecumenical Temple.
  5819 | D:5      | XOM: mild Hex miscast
  5875 | D:5      | Noticed Duvessa
  5878 | D:5      | Noticed Dowan
  5881 | D:5      | XOM: enchant monster (good)
  5894 | D:5      | Killed Duvessa
  5894 | D:5      | Mutation became permanent: You have a pair of small antennae on your head. [demonic ancestry]
  5894 | D:5      | Gained mutation: You have a pair of small antennae on your head. [demonic ancestry]
  5894 | D:5      | Reached XP level 7. HP: 42/61 MP: 6/8
  5894 | D:5      | XOM: cast spell 'Death Channel'
  5906 | D:5      | Dowan changed into Dowan the bullfrog
  5906 | D:5      | XOM: polymorph Dowan -> Dowan the bullfrog
  5926 | D:5      | XOM: 1-stop teleportation journey
  6207 | D:5      | XOM: god gift: 13 sling bullets
  6785 | D:5      | XOM: god gift: 1210 gold pieces
  6948 | D:5      | XOM: give mutation
  6948 | D:5      | Lost mutation: You are robust. (+10% HP) [Xom's mischief]
  7375 | D:6      | XOM: mild Air miscast
  7380 | D:6      | Reached skill level 5 in Axes
  7382 | D:6      | XOM: summons 1 hostile demon
  7383 | D:6      | Noticed a soul eater
  7386 | D:6      | XOM: harmless Fire miscast
  7387 | D:6      | XOM: give mutations
  7387 | D:6      | Gained mutation: Armour fits poorly on your strangely shaped body. [Xom's mischief]
  7387 | D:6      | Gained mutation: You can translocate small distances at will. [Xom's mischief]
  7387 | D:6      | Gained mutation: You are frail. (-10% HP) [Xom's mischief]
  7387 | D:6      | Mangled by a soul eater

Skill      XL: |  1  2  3  4  5  6  7 |
---------------+----------------------+-----
Armour         | 2 3 |  3.2
Dodging        | 1 |  1.6
Axes           | 3 4 5 |  5.0
Fighting       | 4 5 |  5.6
Shields        | 1 2 |  2.4
Evocations     | 1 |  1.8
Stealth        | |  0.2

Action                   |  1- 3 |  4- 6 |  7- 9 || total
-------------------------+-------+-------+-------++-------
Melee: Hand axe          |   112 |   200 |    56 ||   368
Evoke: Wand              |       |       |     3 ||     3
  Use: Scroll            |     4 |     7 |     3 ||    14
       Potion            |     1 |     1 |       ||     2
 Stab: Distracted        |     1 |       |       ||     1
       Paralysed         |       |     2 |       ||     2
       Petrifying        |       |     1 |       ||     1
  Eat: Bread ration      |     1 |       |     2 ||     3
       Meat ration       |       |     2 |       ||     2
       Fruit             |       |     2 |       ||     2
       Chunk             |       |     1 |       ||     1
Armor: Leather armour    |    76 |    93 |       ||   169
       Ring mail         |       |    28 |    19 ||    47
Dodge: Dodged            |   150 |   151 |    23 ||   324
Block: Buckler           |     5 |    49 |     6 ||    60
       Shield            |       |       |     9 ||     9
